 Dungeon Crawl Stone Soup version 0.31-a0-1321-g5021b54cb2 (webtiles) character file.

Game seed: 6119373479073099138

84 Curundu the Slasher (level 4, 0/41 HPs)
             Began as a Minotaur Berserker on Dec 20, 2023.
             Was a Believer of Trog.
             Killed from afar by Natasha (7 damage)
             ... with a puff of flame
             ... on level 2 of the Dungeon.
             The game lasted 00:05:59 (1567 turns).

Curundu the Slasher (Minotaur Berserker)            Turns: 1567, Time: 00:06:00

Health: 0/41       AC: 10    Str: 24    XL:     4   Next: 24%
Magic:  3/3        EV: 11    Int:  4    God:    Trog [**....]
Gold:   98         SH:  4    Dex:  9    Spells: 3/3 levels left

rFire   . . .        f - +2 spear (flame)
rCold   . . .        k - +1 buckler {AC+3}
rNeg    . . .        q - +2 ring mail {rPois}
rPois   +            (helmet restricted)
rElec   .            (no cloak)
rCorr   .            (no gloves)
SInv    .            (no boots)
Will    .....        (no amulet) Stlth
                     m - ring of poison resistance
HPRegen 0.26/turn    (no ring)
MPRegen 0.08/turn

%: no passive effects
@: no status effects
A: horns 2, retaliatory headbutt
a: Renounce Religion, Berserk, Trog's Hand


You were on level 2 of the Dungeon.
You worshipped Trog.
Trog was pleased with you.
You visited 1 branch of the dungeon, and saw 2 of its levels.

You collected 98 gold pieces.

Inventory:

Hand Weapons
 f - a +2 spear of flaming (weapon)
Armour
 b - a +0 tower shield
 k - a +1 buckler of protection (worn)
 n - a +0 scale mail
 q - a +2 ring mail of poison resistance (worn)
Jewellery
 m - a ring of poison resistance (left hand)
Scrolls
 a - a scroll of fear {unknown}
 c - a scroll of poison {unknown}
 e - a scroll of enchant weapon {unknown}
 g - 2 scrolls of teleportation {unknown}
 h - a scroll of acquirement {unknown}
 j - a scroll of identify {unknown}
 l - a scroll of blinking {unknown}
Potions
 d - 5 potions of curing {unknown}
 i - a potion of lignification {unknown}
 o - a potion of heal wounds {unknown}
 p - a potion of mutation {unknown}


   Skills:
 + Level 4.5 Fighting
 + Level 4.5 Long Blades
 + Level 0.3 Polearms
 + Level 2.6 Armour
 + Level 3.0 Dodging
 + Level 1.2 Shields


You had 3 spell levels left.
You didn't know any spells.
Your spell library contained the following spells:

 Spells                   Type           Power      Damage    Failure   Level
 Ozocubu's Armour         Ice            0%         N/A       97%         3
 Metabolic Englaciation   Hex/Ice        0%         N/A       100%        5
 Simulacrum               Ice/Necr       0%         N/A       100%        6


Dungeon Overview and Level Annotations

Branches:
Dungeon (2/15)

Altars:

Annotations:
D:2 Natasha


Innate Abilities, Weirdness & Mutations

You have a pair of horns on your head.
You reflexively headbutt those who attack you in melee.


Message History

Your Shields skill increases to level 1!
You have reached level 4!
You feel stronger.
You closely miss the kobold. You headbutt the kobold.
You kill the kobold!
Trog accepts your kill.
Your Dodging skill increases to level 3!
You see here a +0 club.
Found a stone staircase leading up.
There is a stone staircase leading up here.
An endoplasm comes into view.
Found a white potion.
The endoplasm quivers.
The endoplasm barely misses you.
You hit the endoplasm. You burn the endoplasm. You headbutt the endoplasm.
The endoplasm is almost dead.
The endoplasm hits you but does no damage.
You hit the endoplasm but do no damage. You headbutt the endoplasm.
You kill the endoplasm!
Trog accepts your kill.
d - 5 white potions (gained 1)
You see here a +0 whip.
Natasha, Servant of Life and Death comes into view.
She is carrying a wand of flame.
Natasha hisses angrily.
Natasha zaps a wand.
The puff of flame hits you.
Natasha zaps a wand.
The puff of flame hits you!
Natasha zaps a wand.
The puff of flame hits you.
You completely miss Natasha. Natasha claws you.
You hit Natasha. You burn Natasha. Your headbutt misses Natasha.
Natasha is heavily wounded.
Natasha barely misses you.
You hit Natasha. You burn Natasha. Your headbutt misses Natasha.
Natasha is severely wounded.
Natasha claws you!
Natasha zaps a wand.
The puff of flame hits you.
* * * LOW HITPOINT WARNING * * *
You barely miss Natasha.
Natasha is severely wounded.
Natasha zaps a wand.
The puff of flame hits you!
You die...
Natasha begins licking her fur clean.

.#.########.......# #.##........
.#.....≈≈##...<...# #.##........
.#.....≈≈##.......####.##........
.#....~≈≈##.......'.....'........
.#.....≈.)'.......####.##........
.#....~≈≈##.'#.......#.#####.####
.#....~~≈###.#.#.###.#.# #.# #
.#......≈# #.#.#...# #.# #.# #
.#)####### #.#.#@### #.# #.# #
........# #.#.#h# #.# #.# #
#....#######.#.#.# #.# #.# ##
####....##.....#.# #.# #.###.
####.##.....#.. #.# #.....
##.##.....#######.# ###..###
#.................# #....###
#.....(..########## #.#.....
#................####.######


You could see Natasha.

Vanquished Creatures
  Natasha (D:2)
  A dart slug (D:1)
  8 bats
  4 endoplasms
  5 giant cockroaches
  7 hobgoblins
  6 quokkas
  3 ball pythons
  A frilled lizard (D:1)
  6 goblins (D:2)
  4 kobolds
  2 rats
48 creatures vanquished.

Notes
Turn   | Place    | Note
-------+----------+-------------------------------------------
     0 | D:1      | Curundu the Minotaur Berserker began the quest for the Orb.
     0 | D:1      | Reached XP level 1. HP: 19/19 MP: 0/0
   108 | D:1      | Reached XP level 2. HP: 14/27 MP: 1/1
   870 | D:2      | Reached ** piety under Trog
   935 | D:2      | Reached XP level 3. HP: 32/33 MP: 2/2
  1069 | D:2      | Identified the +0 hand axe of Locus Delicti {pain, rF-
                  | Str-4 SInv Stlth+}
  1452 | D:2      | Noticed Natasha
  1455 | D:2      | Killed Natasha
  1456 | D:2      | Reached skill level 1 in Shields
  1456 | D:2      | Reached XP level 4. HP: 41/41 MP: 3/3
  1559 | D:2      | Noticed Natasha
  1567 | D:2      | Killed from afar by Natasha

Illustrated notes

Levels and vault maps discovered:
D:1:      matt_arrival_diagonals, layout_rooms
D:2:      layout_basic, minmay_goblin_outpost, uniq_natasha

Skill      XL: |  1  2  3  4 |
---------------+-------------+-----
Fighting       | 4 |  4.5
Long Blades    | 4 |  4.5
Shields        | 1 |  1.2
Dodging        | 3 |  3.0
Polearms       | |  0.3
Armour         | |  2.6

Action                     |  1- 3 |  4- 6 || total
---------------------------+-------+-------++-------
  Melee: Falchion          |    61 |       ||    61
         Headbutt          |    10 |     3 ||    13
         Punch             |     1 |       ||     1
         Spear             |    59 |     7 ||    66
 Armour: Animal skin       |    51 |       ||    51
         Ring mail         |    23 |     8 ||    31
         Scale mail        |    10 |       ||    10
  Dodge: Dodged            |    85 |     2 ||    87
  Block: Tower shield      |    21 |       ||    21
         Buckler           |     7 |       ||     7

Table legend: (Time is in decaauts)
 A = Elapsed time spent in this place.
 B = Non-inter-level travel time spent in this place.
 C = Inter-level travel time spent in this place.
 D = Time resting spent in this place.
 E = Time spent auto-exploring this place.
 F = Levels seen in this place.
 G = Mean time per level.
                   A        B        C        D        E       F      G
               +--------+--------+--------+--------+--------+-----+--------+
         Total |   1587 |   1587 |      0 |      0 |   1006 |   2 |  793.5 |
       Dungeon |   1587 |   1587 |      0 |      0 |   1006 |   2 |  793.5 |
               +--------+--------+--------+--------+--------+-----+--------+

Top non-repeatable levels by time:
     D:1: 841 daAuts
     D:2: 746 daAuts
